[Event "Titled Tuesday Blitz June 29 2021"]
[White "Aborigen_came"]
[Black "IMTominho"]
[WhiteElo "2664"]
[BlackElo "2842"]
[Result "1-0"]
[Round "06"]
[TimeControl "180+1"]
[Date "2021.06.29"]
[WhiteClock "0:00:04"]
[BlackClock "0:00:01"]

1. Nc3 d5 2. e4 c6 3. g3 dxe4 4. Nxe4 Bf5 5. Bg2 Nd7 6. Qe2 e6 7. Nf3 Ngf6 8. d3 Be7 9. O-O O-O 10. b3 a5 11. a3 h6 12. Bb2 Re8 13. Ned2 Bh7 14. Nc4 Nd5 15. Nce5 Nxe5 16. Nxe5 Bf6 17. Rae1 Qc7 18. f4 Rad8 19. h4 c5 20. a4 Ne7 21. h5 Nf5 22. Qf2 b6 23. Rc1 Nd4 24. Rce1 Nf5 25. Rc1 Nd4 26. Rce1 Be7 27. g4 Bd6 28. Nc4 Bf8 29. Be4 f5 30. Bf3 fxg4 31. Bxg4 Bf5 32. Bxf5 exf5 33. Rxe8 Rxe8 34. Bxd4 cxd4 35. Ne5 Bd6 36. Ng6 Re3 37. Re1 Qc3 38. Kf1 Rxe1+ 39. Qxe1 Qxe1+ 40. Kxe1 Kf7 41. Kf2 Ke6 42. Kf3 Be7 43. Ke2 Bf6 44. Kf3 Kd6 45. Ke2 Bd8 46. Kf3 Bc7 47. Ke2 Ke6 48. Kf3 Bd6 49. Ke2 Kd5 50. Kf3 Bc7 51. Ke2 Kc5 52. Kd2 Bd6 53. Ke2 Kb4 54. Kd2 Bc7 55. Kd1 Kc3 56. Kc1 Bd6 57. Kd1 Kb4 58. Kd2 b5 59. axb5 Kxb5 60. Kd1 Kc5 61. Kd2 Kb4 62. Kd1 Kc3 63. Kc1 Bc7 64. Kd1 Kb2 65. Kd2 Bd6 66. Kd1 Bb4 67. Nh4 Bd6 68. Nxf5 Bxf4 69. Nxg7 Kc3 70. Ne6 Be3 71. Nc7 Kb2 72. Nd5 Bg5 73. Nb6 Kc3 74. Nc4 Kb4 75. Ne5 a4 76. bxa4 Kxa4 77. Nf3 Bf6 78. Nd2 Kb4 79. Ne4 Be7 80. Ke2 Ka3 81. Ng3 Kb2 82. Nf5 Bg5 83. Kd1 Kc3 84. Ng3 1-0


[Site "https://www.chess.com"]

[Event "Titled Tuesday Blitz June 29 2021"]
[White "AlexOstrovskiy"]
[Black "Steven_Rojas"]
[WhiteElo "2776"]
[BlackElo "2531"]
[Result "1-0"]
[Round "06"]
[TimeControl "180+1"]
[Date "2021.06.29"]
[WhiteClock "0:00:19"]
[BlackClock "0:00:03"]

1. d4 d5 2. Bf4 Nf6 3. e3 e6 4. Nd2 Bd6 5. Bg3 O-O 6. Bd3 c5 7. c3 Nc6 8. Ngf3 b6 9. e4 Be7 10. e5 Nh5 11. Ng5 Bxg5 12. Qxh5 g6 13. Qe2 cxd4 14. h4 Bh6 15. h5 dxc3 16. bxc3 Bg7 17. Nf3 d4 18. Be4 Bb7 19. Rd1 Qe7 20. cxd4 Nb4 21. Bxb7 Qxb7 22. h6 Bh8 23. O-O Rfc8 24. Rd2 Nd5 25. Ng5 Rc3 26. Ne4 Rc6 27. Nd6 Qe7 28. Qg4 Qf8 29. Qh4 Qd8 30. Qg4 Qf8 31. Qh3 f5 32. a4 Nc3 33. Re1 Rd8 34. Bf4 Nxa4 35. Ra2 b5 36. Nxb5 Qb4 37. Rea1 Qxb5 38. Rxa4 a6 39. Qa3 Re8 40. Ra5 Qb7 41. Be3 Rd8 42. Qa2 Ra8 43. Rb1 Qd7 44. Ra4 Qf7 45. Rab4 Rcc8 46. Rb7 Bg7 47. Rxf7 Kxf7 48. Rb7+ Rc7 49. Rxc7+ Ke8 50. Qxe6+ 1-0


[Site "https://www.chess.com"]

[Event "Titled Tuesday Blitz June 29 2021"]
[White "AlexPapasimakopoulos"]
[Black "DenLaz"]
[WhiteElo "2674"]
[BlackElo "2852"]
[Result "1-0"]
[Round "06"]
[TimeControl "180+1"]
[Date "2021.06.29"]
[WhiteClock "0:00:03"]
[BlackClock "0:00:02"]

1. d4 Nf6 2. c4 e6 3. Nc3 Bb4 4. Qc2 O-O 5. a3 Bxc3+ 6. Qxc3 d5 7. Nf3 dxc4 8. Qxc4 b6 9. Bg5 Bb7 10. e3 Nbd7 11. Be2 h6 12. Bh4 c5 13. O-O Rc8 14. Rfd1 Qe7 15. Qa4 a6 16. dxc5 Nxc5 17. Qb4 g5 18. Bg3 Nd5 19. Qe1 Rfd8 20. Rac1 Ne4 21. Nd4 Nxg3 22. hxg3 Nf6 23. Rxc8 Rxc8 24. Rc1 Qd7 25. Qd1 Kg7 26. g4 Rc7 27. Bf3 Bxf3 28. gxf3 Qc8 29. Rxc7 Qxc7 30. Kg2 Nd5 31. Qa4 a5 32. Qe8 Nf6 33. Qxe6 fxe6 34. Nxe6+ Kf7 35. Nxc7 Ke7 36. Kg3 Kd6 37. Nb5+ Kc5 38. Nd4 Kc4 39. f4 Kd3 40. Nf5 Ng8 41. Nd4 Nf6 42. Kf3 a4 43. Nf5 Ng8 44. Nd4 Nf6 45. Nb5 Kc2 46. Nc3 Kb3 47. fxg5 hxg5 48. Kg3 b5 49. f4 gxf4+ 50. exf4 Ne4+ 51. Nxe4 Kxb2 52. f5 b4 53. f6 bxa3 54. f7 a2 55. f8=Q a1=Q 56. Qh8+ Ka2 57. Qxa1+ Kxa1 58. g5 a3 59. g6 Kb2 60. g7 a2 61. g8=Q a1=Q 62. Qb8+ Kc2 63. Qc7+ Kd3 64. Nf2+ Ke3 65. Qf4+ Ke2 66. Qe4+ Kd2 67. Qd3+ Kc1 68. Qd1+ Kb2 69. Nd3+ Ka2 70. Qc2+ Ka3 71. Qc5+ Kb3 72. Qd5+ Kc2 73. Nb4+ Kc1 74. Qc4+ Kb2 75. Nd3+ Ka3 76. Qa6+ Kb3 77. Qxa1 1-0


[Site "https://www.chess.com"]

[Event "Titled Tuesday Blitz June 29 2021"]
[White "Alexander_Donchenko"]
[Black "Alexander_Zubov"]
[WhiteElo "2851"]
[BlackElo "3012"]
[Result "1/2-1/2"]
[Round "06"]
[TimeControl "180+1"]
[Date "2021.06.29"]
[WhiteClock "0:00:10"]
[BlackClock "0:00:08"]

1. Nf3 d5 2. g3 g6 3. Bg2 Bg7 4. d4 c6 5. O-O Nf6 6. c4 dxc4 7. a4 c5 8. Na3 cxd4 9. Nxd4 O-O 10. Nxc4 Na6 11. Bf4 Nd5 12. Be5 Bxe5 13. Nxe5 Nab4 14. Qb3 a5 15. Rfd1 Qd6 16. Nc4 Qc5 17. Rac1 Nb6 18. Ne3 Qe5 19. Nb5 Bd7 20. Qc3 Qxc3 21. bxc3 Nc6 22. c4 Rad8 23. Nc3 Nb4 24. Ned5 Nxa4 25. Nxe7+ Kg7 26. Bxb7 Nc5 27. Bf3 a4 28. Ned5 Rb8 29. Nxb4 Rxb4 30. Ne4 Nxe4 31. Bxe4 Be6 32. Bd5 a3 33. Bxe6 fxe6 34. Ra1 Ra8 35. Rd3 a2 36. Rdd1 Rb2 37. Rdc1 Rxe2 38. c5 Rf8 39. c6 Kf6 40. c7 Rc8 41. Rc3 Rb2 42. Kg2 Ke5 43. Ra3 Rxc7 44. R3xa2 Rxa2 45. Rxa2 Kf6 46. Re2 g5 47. Re3 h5 48. h3 g4 49. hxg4 hxg4 50. Re4 Rg7 51. Rf4+ Ke5 52. Rc4 Kf5 53. Rf4+ Kg5 54. Ra4 e5 55. Ra5 Kf5 56. Ra4 Rg6 57. Ra5 Rg7 58. Ra4 Rg6 59. Ra5 Rg7 1/2-1/2


[Site "https://www.chess.com"]

[Event "Titled Tuesday Blitz June 29 2021"]
[White "AnotherGrumpy"]
[Black "seorobert1971"]
[WhiteElo "2576"]
[BlackElo "2782"]
[Result "0-1"]
[Round "06"]
[TimeControl "180+1"]
[Date "2021.06.29"]
[WhiteClock "0:00:10"]
[BlackClock "0:00:29"]

1. d4 d5 2. c4 e6 3. Nf3 Nf6 4. Nc3 Be7 5. Bf4 O-O 6. e3 a6 7. c5 Nh5 8. Bd3 Nxf4 9. exf4 b6 10. cxb6 cxb6 11. O-O Nd7 12. f5 exf5 13. Bxf5 Nf6 14. Qd3 b5 15. Ne5 Bd6 16. Rfe1 Bxf5 17. Qxf5 Rc8 18. Re3 Bb4 19. Ne2 Ne4 20. Rh3 g6 21. Qf4 Bd2 22. Qg4 f5 23. Qh4 Qxh4 24. Rxh4 Rc2 25. Rh3 Rxb2 26. Rb3 Rc2 27. f3 Nc3 28. Nxc3 Bxc3 29. Rd1 Re8 30. f4 Rc8 31. a4 b4 32. Nd7 Kf7 33. a5 Rb2 34. Rxb2 Bxb2 35. Nb6 Rd8 36. Kf2 Bc3 37. Ke3 Ke6 38. Kd3 Kd6 39. Na4 Rc8 40. Rc1 Rc4 41. Nxc3 bxc3 42. Rxc3 Ra4 43. Rc5 Ra2 44. g3 Rxh2 45. Rc8 Ra2 46. Rc5 Ra3+ 47. Kd2 Rxg3 48. Rc8 Ra3 49. Rc5 Rf3 50. Rc8 Rxf4 51. Ke3 Re4+ 52. Kd3 f4 53. Ra8 Re3+ 54. Kd2 Rh3 55. Rxa6+ Kc7 56. Ra7+ Kc6 57. Rf7 Kb5 58. Rd7 Kxa5 59. Rxd5+ Kb6 60. Rd7 g5 61. Rg7 h6 62. Ke2 Kc6 63. Kf2 Kd5 64. Kg2 Rg3+ 65. Kf2 Kxd4 66. Rg6 Rh3 67. Kg2 Rh4 68. Kf3 Ke5 69. Rg8 Kf5 70. Rf8+ Kg6 71. Rg8+ Kh5 72. Ra8 Rh3+ 73. Kg2 Rb3 74. Rh8 g4 75. Rf8 Rb2+ 76. Kg1 Kg5 77. Rg8+ Kh4 78. Rf8 f3 79. Kf1 h5 80. Rf5 Kg3 81. Ke1 f2+ 82. Kf1 Rb1+ 83. Ke2 f1=Q+ 84. Rxf1 Rxf1 85. Kxf1 Kh2 86. Kf2 g3+ 87. Kf3 g2 0-1


[Site "https://www.chess.com"]

[Event "Titled Tuesday Blitz June 29 2021"]
[White "Arseniy_Nesterov"]
[Black "DLR7"]
[WhiteElo "2809"]
[BlackElo "2623"]
[Result "1-0"]
[Round "06"]
[TimeControl "180+1"]
[Date "2021.06.29"]
[WhiteClock "0:00:04"]
[BlackClock "0:00:04"]

1. d4 Nf6 2. c4 e6 3. Nf3 Bb4+ 4. Bd2 Qe7 5. g3 Nc6 6. Bg2 Bxd2+ 7. Nbxd2 O-O 8. O-O d6 9. Nb1 e5 10. Nc3 Bg4 11. dxe5 dxe5 12. Nd5 Qd6 13. h3 Bh5 14. Qb3 b6 15. Rfd1 Bxf3 16. Nxf6+ Qxf6 17. Qxf3 Nd4 18. Qxf6 gxf6 19. Bxa8 Rxa8 20. e3 Ne6 21. Rd7 a5 22. Rad1 Kg7 23. Re7 Kg6 24. Rdd7 Rf8 25. f4 Kf5 26. Rxf7 Rg8 27. g4+ Ke4 28. Rxf6 Nc5 29. Rdd6 Kxe3 30. Rd1 e4 31. Rf7 Nd3 32. f5 h5 33. f6 hxg4 34. Rg7 Rf8 35. Rf1 gxh3 36. f7 Ne5 37. Rf5 Kd4 38. Rg8 Rxf7 39. Rd8+ Ke3 40. Rxe5 Rg7+ 41. Kh2 Rg2+ 42. Kxh3 Rxb2 43. Rde8 Rxa2 44. Rxe4+ Kd3 45. R4e7 c5 46. Rb7 Ra3 47. Rxb6 Kxc4+ 48. Kg2 a4 49. Kf2 Rh3 50. Re4+ Kd3 51. Rxa4 Rh2+ 52. Kf3 c4 53. Ra3+ c3 54. Rc6 Rh3+ 55. Kg4 Rh2 56. Rcxc3+ Kd4 57. Rg3 Kd5 58. Raf3 Ke4 59. Rf4+ Ke5 60. Kf3 Ra2 61. Rg5+ Ke6 62. Rb4 Ra3+ 63. Ke4 Kf6 64. Rh5 Kg6 65. Rd5 Ra6 66. Kf4 Rf6+ 67. Kg4 Rc6 68. Rf4 Ra6 69. Rg5+ Kh6 70. Rg8 Kh7 71. Rb8 Rg6+ 72. Kh5 Rh6+ 73. Kg5 Rg6+ 74. Kf5 Rg1 75. Rb7+ Kh6 76. Rh4# 1-0


[Site "https://www.chess.com"]

[Event "Titled Tuesday Blitz June 29 2021"]
[White "Buffy7"]
[Black "KarateBaby"]
[WhiteElo "2726"]
[BlackElo "2390"]
[Result "0-1"]
[Round "06"]
[TimeControl "180+1"]
[Date "2021.06.29"]
[WhiteClock "0:00:23"]
[BlackClock "0:00:24"]

1. d4 Nf6 2. c4 g6 3. h4 Bg7 4. Nc3 c5 5. d5 O-O 6. e4 d6 7. Be2 e6 8. h5 exd5 9. exd5 Re8 10. h6 Bh8 11. Kf1 Nbd7 12. Bg5 a6 13. a4 Ne5 14. Rh4 Qb6 15. Ra2 Bf5 16. Rf4 Rf8 17. g4 Bxg4 18. Bxg4 Nfxg4 19. Rxg4 Nxg4 20. Qxg4 Bxc3 21. bxc3 Qb1+ 22. Kg2 Qxa2 23. Qf4 f6 24. Bxf6 Rf7 25. Qxd6 Raf8 26. Qe6 Qxc4 27. Nf3 Qxa4 28. Ng5 Qd7 29. Nxf7 Qxf7 30. Bg5 Qxe6 31. dxe6 Re8 32. e7 Kf7 33. Kf3 Rxe7 34. Bxe7 Kxe7 35. Ke4 Kd6 36. f4 b5 37. f5 gxf5+ 38. Kxf5 b4 39. Kf6 bxc3 40. Kg7 c2 41. Kxh7 c1=Q 42. Kg7 Qxh6+ 43. Kxh6 c4 0-1


[Site "https://www.chess.com"]

[Event "Titled Tuesday Blitz June 29 2021"]
[White "ChessLover0108"]
[Black "731291"]
[WhiteElo "2845"]
[BlackElo "2676"]
[Result "1-0"]
[Round "06"]
[TimeControl "180+1"]
[Date "2021.06.29"]
[WhiteClock "0:00:10"]
[BlackClock "0:00:01"]

1. d4 Nf6 2. c4 e6 3. Nf3 b6 4. g3 Bb7 5. Bg2 Be7 6. O-O O-O 7. Re1 d5 8. cxd5 exd5 9. Nc3 Na6 10. Bf4 c5 11. Rc1 Ne4 12. a3 Bf6 13. Be5 Re8 14. e3 cxd4 15. Bxd4 Nac5 16. b4 Nxc3 17. Bxc3 Ne6 18. Qd2 Rc8 19. Red1 Bxc3 20. Rxc3 Qf6 21. Rd3 Rc7 22. h4 Rec8 23. Qe1 Rc2 24. Nd4 Nxd4 25. Rxd4 g6 26. Bxd5 Bxd5 27. Rxd5 Ra2 28. R5d4 Rxa3 29. Qd2 Rac3 30. Rf4 Qe6 31. b5 h5 32. Qd7 Rc1 33. Kh2 Rxd1 34. Qxd1 Rc5 35. Qf3 Rxb5 36. Qa8+ Kg7 37. Qxa7 Rb1 38. Qb7 Rb5 39. Rd4 Rf5 40. Kg2 b5 41. Qa8 Qb3 42. Qa1 Kh7 43. Rd8 f6 44. Rd7+ 1-0


[Site "https://www.chess.com"]

[Event "Titled Tuesday Blitz June 29 2021"]
[White "ChessWarrior7197"]
[Black "JonahWillow"]
[WhiteElo "2975"]
[BlackElo "2711"]
[Result "1-0"]
[Round "06"]
[TimeControl "180+1"]
[Date "2021.06.29"]
[WhiteClock "0:00:08"]
[BlackClock "0:00:01"]

1. e4 c5 2. Nf3 g6 3. d4 cxd4 4. Nxd4 Nc6 5. c4 Nf6 6. Nc3 d6 7. Be2 Nxd4 8. Qxd4 Bg7 9. Be3 O-O 10. Qd2 a5 11. f3 a4 12. O-O Qa5 13. Rab1 Be6 14. Rfc1 Rfc8 15. b4 axb3 16. axb3 Qb4 17. Kf2 Nd7 18. Nd5 Qxd2 19. Bxd2 Kf8 20. Bc3 Bxc3 21. Nxc3 Nc5 22. Ke3 Ra3 23. Bd1 f5 24. Kd4 f4 25. Bc2 Ra5 26. b4 Bf7 27. bxc5 Rcxc5 28. Bb3 Ra3 29. Rb2 e5+ 30. Kd3 b5 31. Nxb5 Ra8 32. Kc3 Rb8 33. Ba2 1-0


[Site "https://www.chess.com"]

[Event "Titled Tuesday Blitz June 29 2021"]
[White "DeTimmerman"]
[Black "louis198"]
[WhiteElo "2802"]
[BlackElo "2604"]
[Result "0-1"]
[Round "06"]
[TimeControl "180+1"]
[Date "2021.06.29"]
[WhiteClock "0:00:08"]
[BlackClock "0:00:37"]

1. b4 a5 2. b5 b6 3. Bb2 Nf6 4. e3 Bb7 5. a4 d6 6. c4 e5 7. Nf3 Nbd7 8. Be2 Be7 9. O-O O-O 10. Nc3 h6 11. d4 Re8 12. Rc1 Bf8 13. Qc2 g6 14. Rfd1 Qc8 15. dxe5 dxe5 16. Nd5 Bd6 17. Nxf6+ Nxf6 18. Nd2 Qe6 19. c5 Bxc5 20. Bc4 Qg4 21. Bf1 Rad8 22. h3 Qc8 23. Nc4 Rxd1 24. Rxd1 Be4 25. Bd3 Qf5 26. Bxe4 Nxe4 27. Rd5 f6 28. Nd2 Qxf2+ 29. Kh2 Qg3+ 30. Kh1 Nf2+ 31. Kg1 Nxh3+ 32. Kh1 Nf4 33. Qe4 Qh4+ 34. Kg1 Ne2+ 35. Kf1 Ng3+ 0-1


[Site "https://www.chess.com"]

[Event "Titled Tuesday Blitz June 29 2021"]
[White "Duhless"]
[Black "Indianlad"]
[WhiteElo "3065"]
[BlackElo "2964"]
[Result "1-0"]
[Round "06"]
[TimeControl "180+1"]
[Date "2021.06.29"]
[WhiteClock "0:00:04"]
[BlackClock "0:00:10"]

1. d4 Nf6 2. Nf3 g6 3. c4 Bg7 4. Nc3 d5 5. Bg5 Ne4 6. Bf4 Nxc3 7. bxc3 c5 8. e3 O-O 9. Be2 cxd4 10. cxd4 dxc4 11. Bxc4 Nc6 12. O-O Na5 13. Be2 Be6 14. Qa4 a6 15. Rfc1 b5 16. Qb4 Bc4 17. Bxc4 Nxc4 18. a4 Qd7 19. Rab1 Rfc8 20. axb5 axb5 21. Qxb5 Qxb5 22. Rxb5 e5 23. dxe5 Nxe5 24. Rxc8+ Rxc8 25. h3 Nxf3+ 26. gxf3 Bf8 27. Kg2 f6 28. e4 Re8 29. Be3 Kf7 30. Ra5 h5 31. Ra4 Bd6 32. f4 Re7 33. Kf3 Rc7 34. Bd4 Rb7 35. e5 Be7 36. Ra6 Rb3+ 37. Ke4 Rb7 38. e6+ Kg7 39. f5 gxf5+ 40. Kxf5 Rb5+ 41. Ke4 Kf8 42. Ra8+ Kg7 43. Ra7 Kf8 44. f4 f5+ 45. Kd3 Rd5 46. Ra8+ Rd8 47. Rxd8+ Bxd8 48. Kc4 Bc7 49. Be3 Ke7 50. Kd5 h4 51. Bc5+ Kf6 52. Bd6 Bb6 53. Be5+ Ke7 54. Bd6+ Kf6 55. e7 Kf7 56. Ke5 Ba5 57. Kxf5 Bc3 58. Kg4 Bf6 59. f5 Ke8 60. Bc5 Kf7 61. Kh5 1-0


[Site "https://www.chess.com"]

[Event "Titled Tuesday Blitz June 29 2021"]
[White "FairChess_on_YouTube"]
[Black "hanzo_hasashi1"]
[WhiteElo "2991"]
[BlackElo "2827"]
[Result "0-1"]
[Round "06"]
[TimeControl "180+1"]
[Date "2021.06.29"]
[WhiteClock "0:00:06"]
[BlackClock "0:00:05"]

1. Nf3 Nf6 2. c4 g6 3. b4 Bg7 4. Bb2 O-O 5. g3 d6 6. Bg2 e5 7. d3 a5 8. a3 Nc6 9. b5 Ne7 10. O-O h5 11. Nc3 Nd7 12. Ne4 Nf5 13. h4 Rb8 14. d4 Qe7 15. a4 Rd8 16. Ra3 exd4 17. Nxd4 Nxd4 18. Bxd4 Bxd4 19. Qxd4 d5 20. Ng5 Qxa3 21. Nxf7 Rf8 22. Ng5 Nf6 23. cxd5 Qd6 24. e4 Ng4 25. f4 Qb6 26. Qxb6 cxb6 27. Rc1 Bd7 28. Rc7 Rfd8 29. Bf3 Rbc8 30. Rxb7 Rc1+ 31. Kg2 Rdc8 32. Bxg4 Bxg4 33. Kf2 R8c3 34. Rb8+ Kg7 35. Rb7+ Kf8 36. Nh7+ Ke8 37. Nf6+ Kd8 38. d6 R1c2+ 39. Kf1 Rf3+ 40. Ke1 Re3+ 41. Kf1 Bh3+ 42. Kg1 Re1# 0-1


[Site "https://www.chess.com"]

[Event "Titled Tuesday Blitz June 29 2021"]
[White "GMKrikor"]
[Black "ozates"]
[WhiteElo "2749"]
[BlackElo "2516"]
[Result "1-0"]
[Round "06"]
[TimeControl "180+1"]
[Date "2021.06.29"]
[WhiteClock "0:00:05"]
[BlackClock "0:00:07"]

1. e4 e5 2. Bc4 Nc6 3. Nc3 Nf6 4. d3 Bc5 5. f4 exf4 6. Bxf4 d6 7. Nf3 Ng4 8. d4 Bb6 9. h3 Nf6 10. Qd3 Nb4 11. Qe2 O-O 12. a3 Nc6 13. O-O-O h6 14. Rhf1 Re8 15. e5 d5 16. Ba2 Bf5 17. Qb5 a6 18. Qa4 Ne4 19. Nxd5 Ba7 20. Ne3 b5 21. Qb3 Bg6 22. Qd5 Na5 23. Qxd8 Raxd8 24. c3 c5 25. Nc2 cxd4 26. Nfxd4 Nc5 27. Kb1 Nd3 28. Bg3 Nxe5 29. Rde1 Nec4 30. Ka1 Nd2 31. Rxe8+ Rxe8 32. Rd1 Ne4 33. Bh2 Bxd4 34. Nxd4 Nf2 35. Rf1 Nd3 36. Bb1 Nc5 37. Bxg6 fxg6 38. Ka2 Ncb3 39. Nxb3 Nc4 40. Nd4 Re4 41. Rd1 Kh7 42. Bg1 g5 43. b3 Na5 44. Rd2 Re1 45. Bf2 Rf1 46. Kb2 Nb7 47. Nf3 Nc5 48. Bxc5 Kg6 49. Bd4 h5 50. Nh2 g4 51. Nxf1 1-0


[Site "https://www.chess.com"]

[Event "Titled Tuesday Blitz June 29 2021"]
[White "GM_dmitrij"]
[Black "Supernotar"]
[WhiteElo "2905"]
[BlackElo "2704"]
[Result "1-0"]
[Round "06"]
[TimeControl "180+1"]
[Date "2021.06.29"]
[WhiteClock "0:01:11"]
[BlackClock "0:00:09"]

1. Nf3 c5 2. c3 d5 3. d4 e6 4. Bg5 Be7 5. Bxe7 Qxe7 6. e3 Nf6 7. Qa4+ Bd7 8. Qa3 cxd4 9. exd4 Qxa3 10. Nxa3 a6 11. Bd3 Nc6 12. Nc2 Ke7 13. Ne5 Rhc8 14. f4 g6 15. Ke2 h5 16. Kf3 Ne8 17. h3 Nd6 18. g4 hxg4+ 19. hxg4 Nxe5+ 20. fxe5 Nc4 21. Bxc4 dxc4 22. Kf4 Bc6 23. Rh6 Rh8 24. g5 Rxh6 25. gxh6 f6 26. exf6+ Kxf6 27. Ne3 g5+ 28. Kg3 Be4 29. Nxc4 Rh8 30. Ne5 Ke7 31. Re1 Bf5 32. Rh1 Kf6 33. Kf3 Rh7 34. c4 b6 35. b4 Ke7 36. c5 bxc5 37. bxc5 Kf6 38. c6 Ke7 39. Rh5 Kd6 40. Rxg5 Rxh6 41. Nf7+ 1-0


[Site "https://www.chess.com"]

[Event "Titled Tuesday Blitz June 29 2021"]
[White "GOGIEFF"]
[Black "viditchess"]
[WhiteElo "2993"]
[BlackElo "3073"]
[Result "1-0"]
[Round "06"]
[TimeControl "180+1"]
[Date "2021.06.29"]
[WhiteClock "0:00:23"]
[BlackClock "0:00:02"]

1. d4 Nf6 2. c4 e6 3. Nc3 Bb4 4. e3 O-O 5. Bd3 d5 6. Nf3 c5 7. O-O dxc4 8. Bxc4 Nc6 9. a3 Ba5 10. Qd3 cxd4 11. exd4 h6 12. Rd1 Bb6 13. Bf4 Ne7 14. Be5 Nfd5 15. Ba2 Bd7 16. Bb1 Ng6 17. h4 Re8 18. h5 Nf8 19. Bd6 Nf6 20. Ne5 Bc6 21. Bc5 Bxc5 22. dxc5 Qxd3 23. Bxd3 Rec8 24. Nxc6 Rxc6 25. b4 Rc7 26. Be2 a6 27. Rd6 N8d7 28. Rad1 Kf8 29. Na4 Ke7 30. f4 Rg8 31. Bf3 g6 32. hxg6 Rxg6 33. Nb6 Rg8 34. Nxd7 Nxd7 35. Rxd7+ Rxd7 36. Rxd7+ Kxd7 37. Bxb7 Rg3 38. Bf3 Kc7 39. Kf2 Rg8 40. Ke3 Rd8 41. Be2 Kb7 42. a4 f6 43. b5 axb5 44. axb5 Kc7 45. Bf3 e5 46. b6+ Kc8 47. fxe5 fxe5 48. c6 Rd6 49. Bg4+ Kb8 50. c7+ Kb7 51. c8=Q+ Kxb6 52. Qb8+ 1-0


[Site "https://www.chess.com"]

[Event "Titled Tuesday Blitz June 29 2021"]
[White "GelmanAlexander"]
[Black "VladDobrov"]
[WhiteElo "2582"]
[BlackElo "2787"]
[Result "1/2-1/2"]
[Round "06"]
[TimeControl "180+1"]
[Date "2021.06.29"]
[WhiteClock "0:00:08"]
[BlackClock "0:00:02"]

1. d4 Nf6 2. Nc3 d5 3. Bf4 c5 4. e3 cxd4 5. exd4 a6 6. Nf3 Bg4 7. h3 Bxf3 8. Qxf3 e6 9. O-O-O Nc6 10. g4 Be7 11. g5 Nd7 12. h4 Rc8 13. Kb1 Qb6 14. Qe3 Na5 15. h5 Qc6 16. Rc1 Nb6 17. Qe5 f6 18. gxf6 Bxf6 19. Qe3 Nbc4 20. Qd3 Qb6 21. Na4 Qxd4 22. Qxd4 Bxd4 23. Bh3 Kf7 24. Rce1 Rhe8 25. Re2 b5 26. Nc3 Na3+ 27. Kc1 Bxc3 28. bxc3 Rxc3 29. Bd2 Rxc2+ 30. Kd1 N5c4 31. f4 Nb2+ 32. Ke1 Nd3+ 33. Kd1 Nb2+ 34. Ke1 Nac4 35. f5 Nd3+ 36. Kd1 Rxd2+ 37. Rxd2 Nxd2 38. Kxd2 Nf2 39. fxe6+ Ke7 40. Rh2 Nxh3 41. Rxh3 Kxe6 42. Ra3 Ra8 43. Kd3 Ke5 44. Rc3 Kd6 45. Kd4 Re8 46. Rg3 Re4+ 47. Kd3 Rh4 48. Rxg7 Rxh5 49. Ra7 Kc5 50. Rxa6 Rh3+ 51. Kc2 Rh2+ 52. Kb3 h5 53. Rh6 Rh3+ 54. Kb2 b4 55. Rh8 Kc4 56. Rc8+ Kd4 57. Rb8 Kc5 58. Rc8+ Kd6 59. Rb8 Ke5 60. Rxb4 d4 61. Kc2 Ke4 62. Rb8 Rh2+ 63. Kb3 Rh1 64. Re8+ Kd3 65. a4 Rb1+ 66. Ka2 Rh1 67. a5 Rg1 68. a6 Rg6 69. Ra8 h4 70. Kb3 h3 71. Rh8 Rb6+ 72. Ka4 Rxa6+ 73. Kb5 Rf6 74. Rxh3+ Ke4 75. Kc4 Rc6+ 76. Kb3 d3 77. Rh4+ Ke3 78. Rh3+ Ke4 79. Rh4+ Kf3 80. Rh3+ Ke2 81. Rh2+ Kd1 82. Rh1+ Kd2 83. Rh2+ Ke3 84. Rh3+ Kd4 85. Rh4+ Ke5 86. Rh5+ Kf4 87. Rh4+ Ke5 88. Rh5+ Kf4 89. Rh4+ Ke3 90. Rh3+ 1/2-1/2


[Site "https://www.chess.com"]

[Event "Titled Tuesday Blitz June 29 2021"]
[White "GianmarcoVaR"]
[Black "Alexsur1981"]
[WhiteElo "2685"]
[BlackElo "2862"]
[Result "0-1"]
[Round "06"]
[TimeControl "180+1"]
[Date "2021.06.29"]
[WhiteClock "0:00:03"]
[BlackClock "0:00:57"]

1. d4 d5 2. c4 e6 3. Nf3 c6 4. Qc2 Nf6 5. g3 dxc4 6. Qxc4 b5 7. Qc2 Bb7 8. a4 a6 9. Bg2 Nbd7 10. Bg5 c5 11. O-O Be7 12. axb5 axb5 13. Nc3 b4 14. Rxa8 Qxa8 15. Nb5 O-O 16. Bxf6 gxf6 17. dxc5 Nxc5 18. Qc4 Qa5 19. Nfd4 Bxg2 20. Kxg2 Rb8 21. f3 Bf8 22. Rd1 e5 23. Nc6 Qxb5 24. Qg4+ Kh8 25. Nxb8 Qxb8 26. Rd5 b3 27. Qc4 Qc7 28. Qb5 Kg7 29. Qc4 Be7 30. Qg4+ Kh8 31. Qc4 Qc6 32. Rd3 Qe6 33. Qxe6 fxe6 34. Rc3 Kg7 35. Rc4 f5 36. e4 fxe4 37. fxe4 Kf6 38. Kf3 Nd3 39. Rc3 Nxb2 40. Rxb3 Nc4 41. Rd3 Bc5 42. Rc3 Nd2+ 43. Ke2 Nxe4 44. Kd3 Nxc3 45. Kxc3 e4 46. Kd2 Kf5 47. Ke2 Kg4 48. Kf1 Kh3 0-1


[Site "https://www.chess.com"]

[Event "Titled Tuesday Blitz June 29 2021"]
[White "Hikaru"]
[Black "GM_Crest"]
[WhiteElo "3153"]
[BlackElo "2798"]
[Result "1-0"]
[Round "06"]
[TimeControl "180+1"]
[Date "2021.06.29"]
[WhiteClock "0:00:09"]
[BlackClock "0:00:01"]

1. e4 e6 2. d3 d5 3. Nd2 c5 4. Ngf3 Nc6 5. g3 Bd6 6. Bg2 Nge7 7. O-O O-O 8. Re1 Qc7 9. h4 Bd7 10. h5 h6 11. Nf1 b5 12. Qe2 f6 13. c3 b4 14. Ne3 a5 15. exd5 exd5 16. Nh4 Be6 17. Ng6 Rfe8 18. Nxe7+ Nxe7 19. c4 d4 20. Bxa8 Rxa8 21. Nd5 Bxd5 22. cxd5 Qd7 23. Qe6+ Qxe6 24. Rxe6 Rd8 25. Bf4 Nc8 26. Bxd6 Nxd6 27. Rc1 Nf7 28. Rxc5 Ne5 29. Rc7 Nxd3 30. Ree7 Ne5 31. Rxg7+ Kh8 32. Rh7+ Kg8 33. f4 d3 34. Kf1 d2 35. Ke2 Rxd5 36. Kd1 Nc4 37. Rxc4 Kxh7 38. g4 Kg7 39. Rc7+ Kf8 40. Rh7 Rd4 41. Rxh6 Rxf4 42. Kxd2 Rxg4 43. Rxf6+ Ke7 44. Rf5 Rg2+ 45. Kc1 a4 46. Ra5 b3 47. Rxa4 1-0


[Site "https://www.chess.com"]

[Event "Titled Tuesday Blitz June 29 2021"]
[White "1977Ivan"]
[Black "Grischuk"]
[WhiteElo "2722"]
[BlackElo "3071"]
[Result "0-1"]
[Round "06"]
[TimeControl "180+1"]
[Date "2021.06.29"]
[WhiteClock "0:00:04"]
[BlackClock "0:00:21"]

1. c4 e5 2. b3 Nc6 3. Bb2 Nge7 4. e3 d5 5. cxd5 Nxd5 6. a3 Be6 7. Qc2 Qd7 8. Nf3 f6 9. b4 O-O-O 10. Nc3 Nxc3 11. Bxc3 g5 12. h3 Kb8 13. Be2 Rg8 14. b5 Ne7 15. d4 e4 16. Nd2 f5 17. Nc4 Nd5 18. Ne5 Qe8 19. Bd2 Bd6 20. O-O Bxe5 21. dxe5 h5 22. a4 g4 23. h4 g3 24. a5 Qe7 25. fxg3 Rxg3 26. Rf2 f4 27. Be1 Rdg8 28. Qxe4 fxe3 29. Rf6 Rxg2+ 30. Kh1 Rg1+ 31. Kh2 R8g2+ 32. Qxg2 Rxg2+ 33. Kxg2 Nxf6 34. exf6 Bd5+ 35. Kg3 Qe5+ 36. Kh3 Qxa1 0-1


[Site "https://www.chess.com"]

[Event "Titled Tuesday Blitz June 29 2021"]
[White "JiaHaoxiang"]
[Black "dretch"]
[WhiteElo "2657"]
[BlackElo "2829"]
[Result "0-1"]
[Round "06"]
[TimeControl "180+1"]
[Date "2021.06.29"]
[WhiteClock "0:00:10"]
[BlackClock "0:00:51"]

1. d4 d5 2. c4 c6 3. Nf3 Nf6 4. Nc3 dxc4 5. a4 Bf5 6. e3 e6 7. Bxc4 Bb4 8. O-O O-O 9. Qe2 Nbd7 10. e4 Bg4 11. h3 Bxf3 12. Qxf3 Nb6 13. Bb3 Qxd4 14. a5 Nbd7 15. Rd1 Qc5 16. a6 b5 17. Be3 Qe7 18. Bc2 Rfd8 19. Qg3 e5 20. Bb3 Bc5 21. Rac1 Bxe3 22. Qxe3 Rdc8 23. Ba2 Nc5 24. Qd2 Nxa6 25. Qd6 Qxd6 26. Rxd6 Nb4 27. Bb3 Rd8 28. Rcd1 Rxd6 29. Rxd6 Kf8 30. Na2 Nxa2 31. Bxa2 Rc8 32. f3 Ke7 33. Rd3 a5 34. Kf2 a4 35. Ke3 Ne8 36. g4 Nd6 37. f4 f6 38. g5 exf4+ 39. Kxf4 fxg5+ 40. Kxg5 Nxe4+ 41. Kf4 Nf6 42. Re3+ Kd6 43. Re6+ Kd7 44. Re5 Re8 45. Rg5 Re7 46. h4 Kd6 47. Rg1 Re4+ 48. Kf5 Rxh4 49. Rxg7 Nd5 50. Rd7+ Kxd7 0-1


[Site "https://www.chess.com"]

[Event "Titled Tuesday Blitz June 29 2021"]
[White "Murad_Ibrahimli"]
[Black "Fighter008"]
[WhiteElo "2832"]
[BlackElo "2662"]
[Result "1-0"]
[Round "06"]
[TimeControl "180+1"]
[Date "2021.06.29"]
[WhiteClock "0:00:16"]
[BlackClock "0:00:20"]

1. e4 c5 2. Nf3 e6 3. Nc3 a6 4. g3 d6 5. Bg2 Nf6 6. O-O Be7 7. d4 cxd4 8. Nxd4 O-O 9. a4 Nc6 10. Be3 Bd7 11. Nb3 Na5 12. Nxa5 Qxa5 13. f4 Bc6 14. Kh1 Rfd8 15. Qd3 d5 16. e5 d4 17. Bxd4 Bxg2+ 18. Kxg2 Nd5 19. Qe4 Qb4 20. Ne2 Rac8 21. Rfd1 Rc4 22. b3 Rcc8 23. c4 Nc7 24. Qf3 b5 25. axb5 axb5 26. Rac1 bxc4 27. Rxc4 Qb8 28. Rdc1 Nd5 29. Rxc8 Rxc8 30. Rxc8+ Qxc8 31. Nc3 Nb4 32. Qe4 Qa6 33. h4 h5 34. Bf2 Qa1 35. Qc4 Qb2 36. Ne4 Nc2 37. Kf3 Qb1 38. Kg2 Qa2 39. Kf3 Qb1 40. Ng5 Qh1+ 41. Ke2 Bxg5 42. Qc8+ Bd8 43. Qxd8+ Kh7 44. Qd3+ g6 45. Qxc2 Qd5 46. Qd3 Qb7 47. Kd2 Qb4+ 48. Qc3 Qb5 49. Kc2 Qe2+ 50. Qd2 Qe4+ 51. Kb2 Qc6 52. Bd4 Qb5 53. Bc3 1-0


[Site "https://www.chess.com"]